AoeStats
← 739697286

Nomad

505649173Analyzed
4v4 RM · 23d ago on Sep 10, 2026· 51m 42s· 8 players
Game mode
Random Map
Map size
231×231
Population
200
Speed
Normal
Resources
Standard
Victory
Conquest
Starting age
Dark Age
Ending age
Imperial Age
RankedLock teamsTeams togetherTeam positionsShared explorationLock speedFull tech treeHidden civsTurbo modeCheats
Victory
Defeat
🇹🇼 Koreans · Taiwan
1441
+17
🇹🇼 Mapuche · Taiwan
1433
+17
🇭🇰 Japanese · Hong Kong SAR China
1421
+18
🇨🇳 Tupi · China
1403
+19
🇭🇰 Hindustanis · Hong Kong SAR China
1508
-20
🇨🇳 Persians · China
1496
-19
🇩🇪 Bengalis · Germany
1429
-16
🇸🇪 Vikings · Sweden
1420
-16
沒起房子我日
5:09 Loom
13:52 Feudal Age
14:57 Double-Bit Axe
17:39 Castle Age
15:51 Fishing Lines
17:07 Gold Mining
18:32 Bow Saw
18:13 Gillnets
19:19 Horse Collar
19:49 Town Watch
20:52 Stone Mining
25:10 Heavy Plow
30:37 Wheelbarrow
34:45 Imperial Age
33:45 Gold Shaft Mining
34:10 Fletching
34:21 Padded Archer Armor
35:00 Bodkin Arrow
36:16 Stone Shaft Mining
36:34 Leather Archer Armor
38:42 Ballistics
38:51 Conscription
39:37 Ring Archer Armor
39:34 Butalmapu
40:18 Malon
41:14 Elite Bolas Rider
44:11 Masonry
47:20 Hand Cart
49:41 Capped Ram
51:43 Forging
52:35 Chemistry
51:16 Treadmill Crane
52:07 Architecture
麻糬
4:24 Loom
14:05 Feudal Age
18:03 Castle Age
16:07 Horse Collar
17:03 Double-Bit Axe
20:38 Heavy Plow
24:39 Bow Saw
26:32 Wheelbarrow
28:56 Hand Cart
34:11 Imperial Age
33:05 Ballistics
32:11 Crossbowman
32:58 Thumb Ring
32:56 Treadmill Crane
33:15 Fletching
33:24 Gold Mining
35:10 Gold Shaft Mining
34:36 Arbalester
36:46 Chemistry
35:52 Bodkin Arrow
37:05 Bracer
39:57 Fortified Wall
46:58 Conscription
46:41 Eupseong
47:48 Stone Mining
49:00 Two-Man Saw
50:18 Town Watch
ROYAL PIGGY
5:30 Loom
14:35 Feudal Age
15:25 Double-Bit Axe
16:11 Gold Mining
18:33 Castle Age
17:38 Fletching
20:00 Bodkin Arrow
20:56 Gold Shaft Mining
20:34 Bow Saw
23:09 Horse Collar
25:19 Wheelbarrow
25:44 Ballistics
25:26 Padded Archer Armor
27:53 Leather Archer Armor
28:25 Town Watch
34:12 Imperial Age
33:01 Scale Mail Armor
33:11 Forging
34:06 Champi Runner
34:54 Elite Blackwood Archer
35:37 Bracer
36:53 Conscription
37:07 Capped Ram
39:36 Ring Archer Armor
40:48 Curare
42:11 Siege Ram
43:40 Heavy Plow
44:31 Pikeman
45:11 Squires
45:40 Chain Mail Armor
46:00 Iron Casting
45:51 Halberdier
46:32 Squires
50:04 Two-Man Saw
红白EX
5:11 Loom
15:25 Feudal Age
19:28 Castle Age
19:28 Double-Bit Axe
20:47 Wheelbarrow
21:08 Bow Saw
20:41 Horse Collar
30:10 Scale Mail Armor
30:50 Squires
32:34 Forging
32:37 Pikeman
34:12 Chain Mail Armor
37:26 Iron Casting
44:47 Imperial Age
44:57 Capped Ram
46:00 Conscription
47:15 Halberdier
49:36 Heavy Plow
rikardo_latino
3:29 Loom
17:31 Feudal Age
18:50 Wheelbarrow
21:23 Castle Age
21:08 Gold Mining
Laacky
6:19 Loom
14:07 Feudal Age
16:35 Double-Bit Axe
22:13 Castle Age
28:47 Imperial Age
26:19 Fishing Lines
27:20 Horse Collar
28:24 Gillnets
30:01 Squires
29:47 Arson
31:36 Fletching
32:00 Forging
31:50 Scale Mail Armor
33:52 Chemistry
33:30 Bow Saw
34:40 Chemistry
34:24 Iron Casting
34:04 Chain Mail Armor
35:28 Elite Berserk
36:28 Fletching
37:40 Blast Furnace
38:42 Chain Mail Armor
39:45 Two-Man Saw
40:58 Chieftains
42:48 Gold Mining
42:57 Fletching
43:30 Ballistics
50:43 Plate Mail Armor
中家不出马螺线升天
13:05 Feudal Age
17:35 Castle Age
15:27 Double-Bit Axe
16:59 Horse Collar
17:45 Loom
17:46 Town Watch
18:58 Bow Saw
21:21 Scale Barding Armor
22:52 Husbandry
24:34 Forging
27:08 Bloodlines
27:50 Wheelbarrow
28:58 Fervor
29:09 Sanctity
32:23 Imperial Age
30:10 Light Cavalry
31:41 Iron Casting
31:27 Chain Barding Armor
33:00 Hussar
33:05 Heavy Camel Rider
34:33 Plate Barding Armor
35:07 Heavy Plow
37:08 Blast Furnace
36:02 Imperial Camel Rider
37:16 Conscription
37:14 Hussar
43:51 Elite Skirmisher
44:52 Padded Archer Armor
44:43 Fletching
45:18 Ballistics
47:25 Leather Archer Armor
739697286
5:11 Loom
14:32 Feudal Age
21:05 Castle Age
20:08 Double-Bit Axe
20:53 Fishing Lines
21:49 Demolition Ship
22:09 Demolition Ship
22:29 Fishing Lines
23:07 Bow Saw
24:46 Wheelbarrow
24:39 Gillnets
26:31 Horse Collar
33:54 Imperial Age
31:44 Hand Cart
32:16 Bloodlines
32:06 Husbandry
33:25 Forging
33:20 Scale Barding Armor
33:26 Forging
33:21 Scale Barding Armor
33:33 Light Cavalry
34:45 Gold Mining
36:37 Crossbowman
37:21 Fletching
39:27 Thumb Ring
40:53 Conscription
41:34 Bodkin Arrow
41:39 Padded Archer Armor
41:32 Cavalier
44:15 Leather Archer Armor
47:45 Ring Archer Armor
47:50 Iron Casting
49:47 Chemistry
Connection lost

Rejoining the realm…

Still unreachable

The connection could not be restored.

Session expired

The server has moved on; the page needs a fresh start.